 Dungeon Crawl Stone Soup version 0.24-a0-179-g7a2c91a (console) character file.

Game seed: 12503564401781143334

101686 Duffy the Eclecticist (level 15, -3/72 HPs)
             Began as a Deep Elf Fire Elementalist on Mar 13, 2019.
             Was a High Priest of Sif Muna.
             Killed from afar by Asterion (75 damage)
             ... with an orb of electricity
             ... on level 1 of the Elven Halls.
             The game lasted 00:53:09 (37051 turns).

Duffy the Eclecticist (Deep Elf Fire Elementalist) Turns: 37051, Time: 00:53:10

Health: -3/72      AC:  9    Str:  5    XL:     15   Next: 84%
Magic:  53/65      EV: 13    Int: 30    God:    Sif Muna [*****.]
Gold:   1536       SH:  0    Dex: 15    Spells: 5/55 levels left

rFire    + . .     SeeInvis +   W - staff of power {!a}
rCold    + . .     Gourm    .   (no shield)
rNeg     . . .     Faith    .   Y - +2 robe {MR+}
rPois    .         Spirit   .   R - +1 helmet {SInv}
rElec    .         Reflect  .   u - +0 cloak
rCorr    .         Harm     +   b - +1 pair of gloves {archery}
MR       ++...                  (no boots)
Stlth    ++........             Q - amulet of harm
HPRegen  0.22/turn              T - ring of magical power
MPRegen  0.39/turn              t - ring "Kausebribi" {*Drain rF+ rC+ Int+3 Slay+3, =R}

@: divine energy, deflect missiles
A: no striking features
a: Stop Divine Energy, Channel Magic, Forget Spell, Renounce Religion


You were on level 1 of the Elven Halls.
You worshipped Sif Muna.
Sif Muna was extremely pleased with you.
You were not hungry.

You visited 4 branches of the dungeon, and saw 24 of its levels.
You also visited: Gauntlet and Ice Cave.

You collected 2145 gold pieces.
You spent 609 gold pieces at shops.

Inventory:

Hand Weapons
 I - a +1 dagger of distortion
Missiles
 P - a throwing net (quivered)
Armour
 b - a +1 pair of gloves of archery (worn)
 u - a +0 cloak (worn)
 R - a +1 helmet of see invisible (worn)
 Y - a +2 robe of magic resistance (worn)
Magical Staves
 W - an uncursed staff of power (weapon) {!a}
Jewellery
 q - the ring of Naiguhikh {Ice rElec MR- SInv}
   (You took it off a minotaur in a Gauntlet)

   [ring of ice]

   It enhances your ice magic.
   It makes you vulnerable to fire.
   It protects you from cold.
   It insulates you from electricity.
   It affects your resistance to hostile enchantments.
   It lets you see invisible.
 t - the ring "Kausebribi" (right hand) {*Drain rF+ rC+ Int+3 Slay+3, =R}
   (You found it in a Gauntlet)

   [ring of protection from fire]

   It affects your intelligence (+3).
   It affects your accuracy and damage with ranged weapons and melee attacks
   (+3).
   It protects you from fire.
   It protects you from cold.
   It causes draining when unequipped.
 z - an uncursed ring of resist corrosion
 D - an uncursed ring of protection from magic
 L - an uncursed ring of positive energy
 Q - an amulet of harm (around neck)
 S - the amulet of the Air {Inacc +Fly rElec EV+5 RMsl}
   (You found it on level 2 of the Lair of Beasts)

   [amulet of inaccuracy]

   It reduces the accuracy of all your attacks.
   It affects your evasion (+5).
   It insulates you from electricity.
   It lets you fly.
   It protects you from missiles.
 T - a ring of magical power (left hand)
Wands
 a - a wand of digging (16)
 f - a wand of enslavement (3)
 y - a wand of iceblast (44)
 F - a wand of paralysis (10)
 G - a wand of acid (13)
 H - a wand of flame (17)
 K - a wand of scattershot (6)
 M - a wand of disintegration (24)
 V - a wand of polymorph (49)
Scrolls
 i - 7 scrolls of enchant armour
 j - 9 scrolls of teleportation
 k - 9 scrolls of remove curse
 m - 4 scrolls of blinking {unknown}
 r - 2 scrolls of vulnerability {unknown}
 w - 7 scrolls of magic mapping
 x - a scroll of identify
 E - 3 scrolls of fog
 J - 4 scrolls of fear
 X - a scroll of acquirement
Potions
 d - 17 potions of curing
 g - 2 potions of agility {unknown}
 h - a potion of invisibility {unknown}
 n - 2 potions of cancellation {unknown}
 o - a potion of ambrosia {unknown}
 p - 4 potions of resistance {unknown}
 s - 2 potions of magic
 A - a potion of flight {unknown}
 B - a potion of mutation {unknown}
 N - 2 potions of degeneration {unknown}
 U - 3 potions of heal wounds {unknown}
 Z - 5 potions of lignification
Miscellaneous
 e - a box of beasts
 l - a fan of gales
 C - a phial of floods
 O - a lamp of fire
Comestibles
 c - 31 rations


   Skills:
 - Level 2.4 Dodging
 - Level 2.4 Stealth
 + Level 20.7 Spellcasting
 - Level 13.5 Conjurations
 - Level 5.0 Charms
 + Level 7.0 Summonings
 - Level 6.0 Necromancy
 - Level 13.5 Fire Magic
 - Level 5.0 Air Magic
 + Level 7.2 Earth Magic
 - Level 10.0 Invocations


You had 5 spell levels left.
You knew the following spells:

 Your Spells              Type           Power        Failure   Level  Hunger
h - Bolt of Fire          Conj/Fire      #######...   1%          6    None
i - Ignition              Fire           #######...   30%         8    #####..
j - Iron Shot             Conj/Erth      #######...   2%          6    None
k - Fireball              Conj/Fire      #######...   1%          5    None
l - Borgnjor's Vile Clut  Necr/Erth      ######....   2%          5    None
m - Deflect Missiles      Chrm/Air       ######....   22%         6    None
n - Spellforged Servitor  Conj/Summ      #######...   14%         7    ###....
y - Orb of Destruction    Conj           #######...   3%          7    ###....

Your spell library contained the following spells:

 Spells                   Type           Power        Failure   Level  Hunger
 Flame Tongue             Conj/Fire      #####        0%          1    None
 Magic Dart               Conj           ####         0%          1    None
 Searing Ray              Conj           ######       0%          2    None
 Throw Flame              Conj/Fire      ######       0%          2    None
 Conjure Flame            Conj/Fire      #######.     0%          3    None
 Animate Skeleton         Necr           N/A          1%          1    None
 Apportation              Tloc           ####..       1%          1    None
 Beastly Appendage        Tmut           ####..       1%          1    None
 Confusing Touch          Hex            ####..       1%          1    None
 Shock                    Conj/Air       ####         1%          1    None
 Sting                    Conj/Pois      ####         1%          1    None
 Summon Small Mammal      Summ           ####         1%          1    None
 Poisonous Vapours        Pois/Air       #####.       1%          2    None
 Ignite Poison            Fire/Tmut/Pois ######..     1%          3    None
 Inner Flame              Hex/Fire       ######..     1%          3    None
 Mephitic Cloud           Conj/Pois/Air  ######..     1%          3    None
 Recall                   Summ/Tloc      N/A          1%          3    None
 Summon Guardian Golem    Hex/Summ       ######..     1%          3    None
 Animate Dead             Necr           N/A          1%          4    None
 Sticky Flame             Conj/Fire      #######.     1%          4    None
 Summon Lightning Spire   Summ/Air       ######..     1%          4    None
 Bolt of Draining         Conj/Necr      ######....   1%          5    None
 Bolt of Magma            Conj/Fire/Erth #######...   1%          5    None
 Iskenderun's Battlesphe  Conj/Chrm      ######..     1%          5    None
 Lightning Bolt           Conj/Air       ######....   1%          5    None
 Summon Demon             Summ           ######....   1%          5    None
 Venom Bolt               Conj/Pois      ######....   1%          5    None
 Dispel Undead            Necr           ######..     2%          5    None
 Summon Forest            Summ/Tloc      ######....   8%          5    None
 Summon Mana Viper        Hex/Summ       ######..     8%          5    None
 Cause Fear               Hex            ####......   12%         4    None
 Ice Form                 Ice/Tmut       ####....     12%         4    None
 Metabolic Englaciation   Hex/Ice        ####......   32%         5    None
 Conjure Ball Lightning   Conj/Air       ######....   4%          6    None
 Bolt of Cold             Conj/Ice       ######....   11%         6    None
 Poison Arrow             Conj/Pois      ######....   11%         6    None
 Freezing Cloud           Conj/Ice/Air   ######....   14%         6    None
 Death Channel            Necr           ######....   16%         6    None
 Ring of Flames           Chrm/Fire      ######....   22%         7    ###....
 Simulacrum               Ice/Necr       #####.....   45%         6    None
 Haunt                    Necr/Summ      ######....   56%         7    ###....
 Ozocubu's Refrigeration  Ice            ####......   87%         6    None
 Dragon Form              Tmut           ####......   100%        7    ###....
 Death's Door             Chrm/Necr      ######....   100%        8    #####..
 Infestation              Necr           ######....   100%        8    #####..
 Tornado                  Air            ######....   100%        9    ######.


Dungeon Overview and Level Annotations

Branches:
Dungeon (15/15)            Temple (0/1) D:5            Lair (6/6) D:10
 Shoals (0/4) Lair:2       Spider (0/4) Lair:3        Slime (0/5) Lair:5
    Orc (2/2) D:10            Elf (1/3) Orc:2        Vaults (0/5) D:13
 Depths (0/5) D:15

Altars:
Ashenzari
Cheibriados
Fedhas
Kikubaaqudgha
Nemelex Xobeh
Okawaru
Qazlal
Sif Muna
Uskayaw
Wu Jian
Zin
The Shining One
Beogh

Shops:
D:14 *   Orc:2 [*(}

Annotations:
Elf:1 Asterion


Message History

Cast which spell? (? or * to list)
You summon a servant imbued with your destructive magic!
Asterion closely misses your spellforged servitor.
Asterion gores your spellforged servitor!!
Asterion hits your spellforged servitor with a +2 vampiric demon blade!!
Asterion gores your spellforged servitor.
Your spellforged servitor casts a spell at Asterion.
The iron shot hits Asterion!!!
Your spellforged servitor hums quietly as it recharges.
Asterion says, "Kneel before Makhleb, unbeliever!"
Asterion hits your spellforged servitor with a +2 vampiric demon blade!!!
Asterion gores your spellforged servitor.
Your spellforged servitor is destroyed!
You see here a +3 halberd of venom.
Cast which spell? (? or * to list)
You summon a servant imbued with your destructive magic!
Asterion conjures a destructive force in the name of Makhleb!
The orb of electricity explodes!
The orb of electricity engulfs you!!!
Ouch! That really hurt!
You die...

.#......(....+......'.........''...
.#...........########8........###..
.#...........# ##.......####'.
####.......+## ##'#.....####.##
###...###.## ##.###...####'## #####
##.#####.## #####...### ##'#.#'##
#.......#
######...8.#######.......#
......H...@.'.....'.......#
#######.....#######.......# ###.###
#......(# ### ###...### #####


You could see Asterion and a friendly spellforged servitor.

Vanquished Creatures
  An orc warlord (Orc:2)
  Louise (D:15)
  A stone giant (Orc:2)
  A minotaur (Gauntlet)
  A dire elephant (D:15)
  Snorg (D:10)
  A death ooze (Gauntlet)
  The ghost of Scuka the Grappler, a journeyman TrBe of Trog (D:10)
  Fannar (Lair:1)
  8 vault guards (D:13)
  4 hydras
  A catoblepas (Lair:6)
  A centaur warrior (D:15)
  Erica (D:8)
  3 two-headed ogres
  A deep troll shaman (Lair:6)
  A queen ant (Gauntlet)
  3 death yaks (Lair:6)
  A dancing weapon (Elf:1)
  3 orc high priests (Orc:2)
  Urug (Lair:1)
  4 deep elf knights (Elf:1)
  3 unseen horrors
  3 deep elf archers (Elf:1)
  A lindwurm (Lair:6)
  A necromancer (IceCv)
  A cyclops (shapeshifter) (D:13)
  7 orc knights
  4 orc sorcerers (Orc:2)
  3 ugly things (D:14)
  A wolf spider (D:15)
  3 manticores
  12 deep elf magi
  4 oklob plants
  3 cyclopes
  2 elephants (Lair:6)
  A salamander (D:15)
  A moth of wrath (Gauntlet)
  3 black mambas
  A centaur zombie (D:13)
  2 torpor snails
  An ice statue (IceCv)
  A gargoyle (D:14)
  9 spiny frogs
  A rime drake (Lair:2)
  4 komodo dragons
  2 kobold demonologists (D:10)
  10 freezing wraiths (IceCv)
  An efreet (D:13)
  3 trolls
  2 queen bees
  A queen bee (shapeshifter) (D:15)
  3 meliai (D:13)
  4 tyrant leeches (Lair:4)
  2 polar bears (Lair:6)
  A hornet (D:13)
  8 blink frogs
  24 slime creatures
  12 hippogriffs
  A hippogriff (shapeshifter) (D:14)
  A shadow (D:11)
  2 wraiths
  5 wyverns
  26 yaks
  7 basilisks
  A hog (shapeshifter) (D:15)
  A death yak simulacrum (IceCv)
  5 hungry ghosts
  Grum (D:10)
  2 wargs
  6 soldier ants
  6 swamp worms (Lair:4)
  14 water moccasins
  13 porcupines
  Duvessa (D:4)
  A black bear (D:8)
  13 ice beasts
  An alligator simulacrum (IceCv)
  28 orc warriors
  4 phantoms
  A sky beast (D:5)
  An eye of draining (shapeshifter) (D:14)
  13 ogres
  8 centaurs
  25 wolves
  14 crocodiles
  13 big kobolds
  24 bullfrogs
  3 wyvern zombies
  Dowan (D:4)
  A wyvern skeleton (D:8)
  4 scorpions
  41 killer bees
  2 troll zombies (D:10)
  24 wights
  3 electric eels
  5 howler monkeys
  2 crimson imps
  A quasit (D:8)
  6 draconian simulacra (IceCv)
  5 jellies
  11 hounds
  4 centaur skeletons
  15 orc priests
  3 bullfrog skeletons
  An iron imp (D:8)
  Jessica (D:3)
  3 iguanas
  18 orc wizards
  2 spriggan simulacra (IceCv)
  Ijyb (D:5)
  A polar bear simulacrum (IceCv)
  11 worker ants
  3 troll simulacra (IceCv)
  A killer bee zombie (D:7)
  A wolf simulacrum (IceCv)
  4 ogre zombies (D:10)
  3 centaur simulacra (IceCv)
  A hound zombie (D:8)
  3 hound skeletons
  3 worker ant zombies
  4 gnolls (D:4)
  11 adders
  3 ogre simulacra (IceCv)
  3 naga simulacra (IceCv)
  4 shadow imps
  13 white imps
  An ooze (D:5)
  2 adder skeletons
  2 adder zombies
  4 worms
  3 dart slugs
  3 leopard geckos
  51 orcs
  7 giant cockroaches
  13 goblins
  10 hobgoblins
  8 jackals
  25 kobolds
  4 quokkas
  5 bats
  6 frilled lizards
  2 goblin skeletons (D:10)
  A goblin zombie (D:10)
  3 hobgoblin zombies (D:10)
  2 leopard gecko skeletons
  An orc skeleton (D:10)
  12 orc zombies (D:10)
  8 rats
  A fungus (Lair:4)
  5 plants
829 creatures vanquished.

Vanquished Creatures (collateral kills)
  2 dancing weapons (Elf:1)
  A deep elf archer (Elf:1)
  A deep elf mage (Elf:1)
4 creatures vanquished.

Vanquished Creatures (others)
  5 fungi
  10 plants
15 creatures vanquished.

Grand Total: 848 creatures vanquished

Notes
Turn   | Place    | Note
-------+----------+-------------------------------------------
     0 | D:1      | Duffy the Deep Elf Fire Elementalist began the quest for
                  | the Orb.
     0 | D:1      | Reached XP level 1. HP: 10/10 MP: 6/6
   187 | D:1      | Reached XP level 2. HP: 15/15 MP: 6/8
   601 | D:1      | Found a sparkling altar of Nemelex Xobeh.
   774 | D:1      | Reached XP level 3. HP: 19/19 MP: 7/9
  1047 | D:1      | Learned a level 3 spell: Conjure Flame
  1166 | D:2      | Found a blossoming altar of Fedhas.
  1168 | D:2      | Found an ancient bone altar of Kikubaaqudgha.
  1482 | D:2      | Found a deep blue altar of Sif Muna.
  1527 | D:2      | Became a worshipper of Sif Muna the Loreminder
  1661 | D:2      | Reached XP level 4. HP: 23/24 MP: 7/11
  1743 | D:2      | Learned a level 4 spell: Sticky Flame
  2145 | D:3      | Reached skill level 4 in Spellcasting
  2404 | D:3      | Found a glowing golden altar of the Shining One.
  2503 | D:3      | Reached XP level 5. HP: 20/28 MP: 7/13
  3266 | D:3      | Noticed Jessica
  3281 | D:3      | Killed Jessica
  3535 | D:3      | Learned a level 5 spell: Fireball
  3638 | D:4      | Reached * piety under Sif Muna
  3804 | D:4      | Reached skill level 5 in Spellcasting
  3804 | D:4      | Reached XP level 6. HP: 31/32 MP: 6/15
  4041 | D:4      | Found a hide-covered altar of Uskayaw.
  4047 | D:4      | Found a glowing silver altar of Zin.
  4055 | D:4      | Reached skill level 5 in Conjurations
  4055 | D:4      | Reached skill level 5 in Fire Magic
  4169 | D:4      | Got a warped scale mail
  4173 | D:4      | Found a snail-covered altar of Cheibriados.
  4617 | D:4      | Noticed Duvessa
  4617 | D:4      | Noticed Dowan
  4638 | D:4      | Killed Duvessa
  4638 | D:4      | Reached skill level 6 in Spellcasting
  4638 | D:4      | Reached XP level 7. HP: 30/36 MP: 12/18
  4641 | D:4      | Killed Dowan
  4796 | D:5      | Entered Level 5 of the Dungeon
  4809 | D:5      | Identified the +2 scale mail of the Equinox {Str+6} (You
                  | found it on level 4 of the Dungeon)
  4881 | D:5      | Noticed Ijyb
  4887 | D:5      | Killed Ijyb
  5113 | D:5      | Reached ** piety under Sif Muna
  5139 | D:5      | Reached skill level 7 in Spellcasting
  5238 | D:5      | Reached XP level 8. HP: 41/41 MP: 17/20
  5277 | D:5      | Found a staircase to the Ecumenical Temple.
  6289 | D:6      | Found a shattered altar of Ashenzari.
  6313 | D:6      | Reached skill level 8 in Spellcasting
  7034 | D:6      | Reached *** piety under Sif Muna
  7149 | D:6      | Found a stormy altar of Qazlal.
  7511 | D:7      | Found an ornate altar of the Wu Jian Council.
  7824 | D:7      | Reached skill level 9 in Spellcasting
  8053 | D:7      | Noticed a komodo dragon
  8057 | D:7      | Killed a komodo dragon
  8057 | D:7      | Reached XP level 9. HP: 45/45 MP: 3/24
  8128 | D:7      | Noticed a deep elf mage
  8170 | D:7      | Killed a deep elf mage
  8367 | D:7      | Noticed a deep elf mage
  8374 | D:7      | Killed a deep elf mage
  8374 | D:7      | Reached **** piety under Sif Muna
  8374 | D:7      | Reached skill level 10 in Spellcasting
  8557 | D:7      | Learned a level 2 spell: Throw Flame
  8637 | D:7      | Noticed a troll
  8644 | D:7      | Killed a troll
  9534 | D:8      | Reached XP level 10. HP: 50/50 MP: 13/26
  9757 | D:8      | Reached skill level 11 in Spellcasting
 10995 | D:8      | Noticed Erica
 11006 | D:8      | Killed Erica
 11006 | D:8      | Reached ***** piety under Sif Muna
 11006 | D:8      | Reached skill level 10 in Conjurations
 11006 | D:8      | Reached skill level 10 in Fire Magic
 11574 | D:9      | Identified Sif Muna's Disquisition on Contamination and
                  | Attacks (Sif Muna gifted it to you on level 9 of the
                  | Dungeon)
 11574 | D:9      | Received a gift from Sif Muna
 11608 | D:8      | Learned a level 5 spell: Bolt of Draining
 11706 | D:9      | Reached skill level 12 in Spellcasting
 11706 | D:9      | Reached skill level 1 in Necromancy
 12524 | D:9      | Learned a level 3 spell: Mephitic Cloud
 12543 | D:10     | Entered Level 10 of the Dungeon
 12581 | D:10     | Reached XP level 11. HP: 54/54 MP: 20/29
 12888 | D:10     | Found a staircase to the Lair.
 12980 | D:10     | Noticed Snorg
 12999 | D:10     | Killed Snorg
 13328 | D:10     | Noticed a two-headed ogre
 13334 | D:10     | Killed a two-headed ogre
 13825 | D:10     | Reached skill level 13 in Spellcasting
 13829 | D:10     | Reached skill level 5 in Necromancy
 14305 | D:10     | Received a gift from Sif Muna
 14461 | D:10     | Learned a level 5 spell: Borgnjor's Vile Clutch
 14489 | D:10     | Found a staircase to the Orcish Mines.
 14581 | D:10     | Noticed Grum
 14589 | D:10     | Killed Grum
 14589 | D:10     | Reached skill level 1 in Earth Magic
 15025 | D:10     | Found a runed translucent gate.
 15025 | D:10     | Found a runed translucent gate.
 15026 | D:10     | Found a runed translucent gate.
 15028 | D:10     | Noticed Scuka's ghost (journeyman TrBe)
 15302 | Lair:1   | Entered Level 1 of the Lair of Beasts
 15335 | Lair:1   | Found a gate leading to a gauntlet.
 15344 | Gauntlet | Entered a Gauntlet
 15344 | Gauntlet | Found a transporter.
 15344 | Gauntlet | Found a transporter.
 15348 | Gauntlet | Found a transporter.
 15348 | Gauntlet | Found a transporter.
 15357 | Gauntlet | Noticed a wizard
 15359 | Gauntlet | Found a transporter.
 15368 | Gauntlet | Found a transporter.
 15368 | Gauntlet | Found a transporter.
 15368 | Gauntlet | Noticed a death ooze
 15392 | Gauntlet | Found a transporter.
 15393 | Gauntlet | Noticed a fire crab
 15400 | Gauntlet | Found a transporter.
 15428 | Gauntlet | Noticed a queen ant
 15430 | Gauntlet | Found a transporter.
 15447 | Gauntlet | Found a transporter.
 15481 | Gauntlet | Found a transporter.
 15501 | Gauntlet | Found a transporter.
 15508 | Gauntlet | Found a transporter.
 15600 | Gauntlet | Found a transporter.
 15615 | Gauntlet | Found a transporter.
 15812 | Gauntlet | Killed a queen ant
 16237 | Gauntlet | Killed a death ooze
 16237 | Gauntlet | Reached skill level 14 in Spellcasting
 16238 | Gauntlet | Reached XP level 12. HP: 35/59 MP: 10/32
 16365 | Gauntlet | Got an ancient platinum ring
 16367 | Gauntlet | Identified the ring "Kausebribi" {*Drain rF+ rC+ Int+3
                  | Slay+3} (You found it in a Gauntlet)
 16540 | Gauntlet | Identified the ring of Naiguhikh {Ice rElec MR- SInv}
 16540 | Gauntlet | Noticed a minotaur
 16545 | Gauntlet | Killed a minotaur
 16545 | Gauntlet | Reached skill level 5 in Earth Magic
 16642 | Gauntlet | Got a blackened leather armour
 16642 | Gauntlet | Got a crude ruby amulet
 16749 | Gauntlet | Identified the +2 leather armour "Gaxkaum" {rN++ Int-5
                  | Dex+3} (You found it in a Gauntlet)
 17069 | Lair:1   | Noticed Urug
 17071 | Lair:1   | Killed Urug
 17280 | Lair:1   | Noticed Fannar
 17371 | Lair:1   | Killed Fannar
 17371 | Lair:1   | Identified Ciamm's Collected Works on Attacks (Sif Muna
                  | gifted it to you on level 1 of the Lair of Beasts)
 17371 | Lair:1   | Received a gift from Sif Muna
 17371 | Lair:1   | Reached skill level 15 in Spellcasting
 17465 | Lair:1   | Learned a level 7 spell: Orb of Destruction
 18716 | Lair:2   | Found a staircase to the Shoals.
 18836 | Lair:2   | Found the amulet of the Air {Inacc +Fly rElec EV+5 RMsl}
 18917 | Lair:2   | Identified the Guide on Boosting Companions
 18936 | Lair:2   | Learned a level 6 spell: Deflect Missiles
 19231 | Lair:2   | Reached skill level 16 in Spellcasting
 19457 | Lair:2   | Reached skill level 1 in Charms
 19845 | Lair:3   | Reached skill level 1 in Air Magic
 19885 | Lair:3   | Noticed a four-headed hydra
 19888 | Lair:3   | Killed a four-headed hydra
 20161 | Lair:3   | Found a hole to the Spider Nest.
 20344 | Lair:3   | Reached XP level 13. HP: 63/63 MP: 35/35
 20396 | Lair:3   | Identified Sif Muna's Tome of Gliding Moulding (Sif Muna
                  | gifted it to you on level 3 of the Lair of Beasts)
 20396 | Lair:3   | Received a gift from Sif Muna
 21002 | Lair:3   | Reached skill level 5 in Charms
 22011 | Lair:4   | Identified the amulet "Hakkuene" {Faith rElec} (You found
                  | it in a Gauntlet)
 22265 | Lair:4   | Reached skill level 1 in Invocations
 22886 | Lair:5   | Found a staircase to the Slime Pits.
 22996 | Lair:5   | Reached skill level 17 in Spellcasting
 23083 | Lair:5   | Found an ancient bone altar of Kikubaaqudgha.
 23312 | Lair:5   | Reached skill level 5 in Air Magic
 24212 | Lair:6   | Entered Level 6 of the Lair of Beasts
 24434 | Lair:6   | Identified a scroll of acquirement
 25190 | Lair:6   | Identified Qeamuz's Reference Book on Necromancy and
                  | Companions (Sif Muna gifted it to you on level 6 of the
                  | Lair of Beasts)
 25190 | Lair:6   | Received a gift from Sif Muna
 25808 | Lair:6   | Reached skill level 5 in Invocations
 26016 | Lair:6   | Reached XP level 14. HP: 68/68 MP: 30/37
 26101 | Lair:6   | Got a translucent battleaxe
 26102 | Lair:6   | Identified the +12 battleaxe of Foul Odors {antimagic, rC++
                  | Int-3 Dex+6} (You found it on level 6 of the Lair of
                  | Beasts)
 26411 | Orc:1    | Entered Level 1 of the Orcish Mines
 26500 | Orc:1    | Found a frozen archway.
 26618 | IceCv    | Entered an ice cave
 27099 | IceCv    | Found an ancient bone altar of Kikubaaqudgha.
 27893 | Orc:2    | Entered Level 2 of the Orcish Mines
 28077 | Orc:2    | Reached skill level 18 in Spellcasting
 28087 | Orc:2    | Identified Sif Muna's Reference Book on Sinister Rites and
                  | Bewitchment (Sif Muna gifted it to you on level 2 of the
                  | Orcish Mines)
 28087 | Orc:2    | Received a gift from Sif Muna
 28325 | Orc:2    | Noticed a stone giant
 28520 | Orc:2    | Killed a stone giant
 28676 | Orc:2    | Found a staircase to the Elven Halls.
 28947 | Orc:2    | Found an iron altar of Okawaru.
 29717 | Orc:2    | Found a roughly hewn altar of Beogh.
 29743 | Orc:2    | Noticed an orc warlord
 29754 | Orc:2    | Killed an orc warlord
 30042 | Orc:2    | Found Osmenar's Armour Shop.
 30046 | Orc:2    | Found Bahon's Weapon Emporium.
 30052 | Orc:2    | Found Gialegedgh's Gadget Emporium.
 30054 | Orc:2    | Found Cikhojep's Assorted Antiques.
 30062 | Orc:2    | Bought a scroll labeled NOSSAE SABRU for 24 gold pieces
 30062 | Orc:2    | Bought a scroll labeled NAILUU RUSK for 24 gold pieces
 30062 | Orc:2    | Bought a sedimented grey potion for 21 gold pieces
 30062 | Orc:2    | Bought a scroll of identify for 48 gold pieces
 30062 | Orc:2    | Bought 2 scrolls of identify for 96 gold pieces
 30062 | Orc:2    | Bought a scroll of identify for 48 gold pieces
 30062 | Orc:2    | Bought a jade ring for 120 gold pieces
 30564 | D:11     | Reached skill level 19 in Spellcasting
 30839 | D:10     | Killed Scuka's ghost
 32384 | D:13     | Received a gift from Sif Muna
 32537 | D:12     | Learned a level 6 spell: Bolt of Fire
 32549 | D:12     | Learned a level 8 spell: Ignition
 32559 | D:12     | Learned a level 7 spell: Spellforged Servitor
 32734 | D:13     | Reached skill level 10 in Invocations
 32840 | D:13     | Reached XP level 15. HP: 72/72 MP: 40/40
 32945 | D:13     | Reached skill level 1 in Summonings
 33344 | D:13     | Found a gate to the Vaults.
 33890 | D:14     | Reached skill level 20 in Spellcasting
 33894 | D:13     | Paralysed by a hornet for 2 turns
 34250 | D:14     | Reached skill level 5 in Summonings
 34369 | D:14     | Got a scorched falchion
 34942 | D:14     | Found Rud Nog's General Store.
 34947 | D:14     | Bought a scroll of identify for 28 gold pieces
 34947 | D:14     | Bought a scroll of teleportation for 42 gold pieces
 34947 | D:14     | Bought a scroll of teleportation for 42 gold pieces
 34947 | D:14     | Bought a scroll of fear for 49 gold pieces
 35290 | D:15     | Entered Level 15 of the Dungeon
 35511 | D:15     | Noticed Louise
 35518 | D:15     | Killed Louise
 36056 | D:15     | Found a staircase to the Depths.
 36059 | D:15     | Received a gift from Sif Muna
 36211 | D:15     | Learned a level 6 spell: Iron Shot
 36467 | Orc:2    | Bought a +0 cloak for 67 gold pieces
 36540 | Elf:1    | Entered Level 1 of the Elven Halls
 37046 | Elf:1    | Noticed Asterion
 37051 | Elf:1    | Killed from afar by Asterion

Levels and vault maps discovered:
D:1:      evilmike_arrival_run_for_it, layout_basic,
          nemelex_xobeh_ov_fountains_minmay
D:2:      layout_loops_cross, grunt_temple_overflow_growth_and_decay,
          lemuel_doored_altar
D:3:      layout_loops_corners, nicolae_overflow_crystal_walls, first_ration,
          chequers_serial_rivers_small_3, minmay_goblin_outpost, uniq_jessica
D:4:      minmay_diamond_boxcup, layout_basic, grunt_temple_overflow_open,
          uniq_duvessa
D:5:      layout_basic, minmay_temple_entry_arrows,
          eino_small_chamber_without_monster, minmay_crossroads, uniq_ijyb
D:6:      layout_loops_ring, overflow_temple_1_default, evilmike_ruin_ashenzari
D:7:      layout_layer_cave, lemuel_round_altar, minmay_shattered_shrine
D:8:      layout_basic, uniq_erica
D:9:      layout_cave_pools
D:10:     layout_basic, dpeg_oklobed_lair, zombieorc1_lemuel,
          gammafunk_ghost_nasty_kobolds, david_nohive_1, uniq_snorg, uniq_grum
D:11:     layout_rooms
D:12:     layout_rooms
D:13:     minmay_stone_box, layout_irregular_city, erik_vaults_2
D:14:     layout_rooms, serial_shops, kennysheep_little_box,
          serial_park_tiny_pond
D:15:     hangedman_depths_entry_try_elsewhere_first, layout_basic, uniq_louise
Lair:1:   layout_roguey [special_room_bee], gauntlet_entry_generic,
          disabler_island, uniq_urug, uniq_fannar
Lair:2:   layout_cave_pods, shoals_dummy_entry, grunt_megastairs_3,
          infiniplex_staircase_pool_2, lemuel_fruit_fields,
          minmay_lair_oklob_chamber
Lair:3:   layout_cave_pods, spider_nest_entry_web_field, minivault_25,
          beast_lair_carwin_8, grunt_megastairs_4, serial_bayou_shore_b
Lair:4:   layout_gridlike, worms_lemuel
Lair:5:   layout_cave_pods, slime_dummy, minivault_19, lemuel_centaur_altar,
          serial_bayou_shore_a
Lair:6:   grunt_lair_end_beastmaster, layout_gridlike,
          nicolae_quartered_pool_little
Orc:1:    layout_diamond_mine, portal_ice_cave_entry_pillars_2
Orc:2:    st_orc_elflike, layout_diamond_mine, basic_altar,
          okawaru_metal_pillars_3
Elf:1:    layout_geoelf_octagon, evilmike_minifort, uniq_asterion
IceCv:    ice_cave_small_necro
Gauntlet: gammafunk_gauntlet_branching [nicolae_gauntlet_arena_quarters,
          nicolae_gauntlet_swirl, gammafunk_gauntlet_arena_mazey,
          gammafunk_gauntlet_arena_split_x, nicolae_gauntlet_arena_x,
          nicolae_gauntlet_arena_grate_2, gammafunk_gauntlet_arena_open,
          gammafunk_gauntlet_arena_crates, gauntlet_exit_green]

Skill      XL: |  1  2  3  4  5  6  7  8  9 10 11 12 13 14 15 |
---------------+----------------------------------------------+-----
Conjurations   | 2 3 4 5 6 8 9 10 11 12 13 | 13.5
Spellcasting   | 4 5 6 7 9 10 12 14 16 17 19 20 | 20.7
Fire Magic     | 4 5 6 8 9 10 11 12 13 | 13.5
Necromancy     | 3 6 |  6.0
Earth Magic    | 4 6 7 |  7.2
Charms         | 3 5 |  5.0
Air Magic      | 2 5 |  5.0
Invocations    | 5 10 | 10.0
Summonings     | 7 |  7.0
Dodging        | |  2.4
Stealth        | |  2.4

Action                   |  1- 3 |  4- 6 |  7- 9 | 10-12 | 13-15 || total
-------------------------+-------+-------+-------+-------+-------++-------
 Cast: Flame Tongue      |    76 |   115 |   146 |     7 |       ||   344
       Conjure Flame     |       |     5 |     8 |     9 |       ||    22
       Sticky Flame      |       |     2 |    22 |    43 |       ||    67
       Fireball          |       |       |    14 |    79 |   181 ||   274
       Throw Flame       |       |       |    38 |   216 |       ||   254
       Bolt of Draining  |       |       |       |    50 |   239 ||   289
       Mephitic Cloud    |       |       |       |     1 |       ||     1
       Orb of Destructio |       |       |       |     4 |     5 ||     9
       Borgnjor's Vile C |       |       |       |     3 |    12 ||    15
       Deflect Missiles  |       |       |       |       |     4 ||     4
       Bolt of Fire      |       |       |       |       |   108 ||   108
       Spellforged Servi |       |       |       |       |     5 ||     5
       Ignition          |       |       |       |       |     3 ||     3
       Iron Shot         |       |       |       |       |     1 ||     1
Invok: Divine Energy     |       |     1 |       |       |       ||     1
       Channel Magic     |       |       |       |       |     4 ||     4
       Forget Spell      |       |       |       |       |     2 ||     2
Evoke: Wand              |       |    13 |    13 |    33 |     2 ||    61
  Use: Scroll            |       |       |     6 |     4 |    14 ||    24
       Potion            |       |       |       |     3 |       ||     3
  Eat: Chunk             |     2 |     9 |    16 |    20 |    37 ||    84
       Ration            |       |       |     1 |     6 |     6 ||    13
Armor: Robe              |     3 |     3 |       |    13 |    19 ||    38
       Leather armour    |       |       |    17 |     9 |       ||    26
       Skin              |       |       |       |    39 |       ||    39
Dodge: Dodged            |    17 |    35 |    27 |    61 |    48 ||   188
       Deflected         |       |       |       |       |    20 ||    20

Table legend:
 A = Non-vault XP
 B = Vault XP
 C = Vault XP percentage of total XP
 D = Non-vault monster count
 E = Vault monster count
 F = Vault count percentage of total count
                 A         B        C        D         E       F
            +---------+---------+-------+---------+---------+-------
      Total |   83667 |   61600 |  42.4 |     551 |     276 |  33.4
            +---------+---------+-------+---------+---------+-------
        D:1 |      43 |       5 |  10.4 |      26 |       1 |   3.7
        D:2 |      56 |       0 |   0.0 |      17 |       0 |   0.0
        D:3 |     124 |      52 |  29.5 |      28 |       9 |  24.3
        D:4 |     304 |     288 |  48.6 |      15 |       5 |  25.0
        D:5 |     901 |      33 |   3.5 |      21 |       1 |   4.5
        D:6 |     549 |       0 |   0.0 |      24 |       0 |   0.0
        D:7 |     576 |    2299 |  80.0 |      14 |      10 |  41.7
        D:8 |    1648 |     923 |  35.9 |      26 |       1 |   3.7
        D:9 |    3167 |       0 |   0.0 |      27 |       0 |   0.0
       D:10 |    2900 |    6536 |  69.3 |      26 |      63 |  70.8
       D:11 |    2391 |       0 |   0.0 |      28 |       0 |   0.0
       D:12 |    5692 |       0 |   0.0 |      35 |       0 |   0.0
       D:13 |    7931 |    7921 |  50.0 |      36 |       8 |  18.2
       D:14 |    7008 |       0 |   0.0 |      30 |       0 |   0.0
       D:15 |    4218 |    4096 |  49.3 |      14 |       5 |  26.3
     Lair:1 |    1566 |    3865 |  71.2 |       6 |      29 |  82.9
     Lair:2 |    2262 |    3625 |  61.6 |      12 |      13 |  52.0
     Lair:3 |    5795 |    1814 |  23.8 |      26 |       9 |  25.7
     Lair:4 |    2059 |    2528 |  55.1 |      11 |      11 |  50.0
     Lair:5 |    3706 |     451 |  10.8 |      18 |       4 |  18.2
     Lair:6 |    6602 |    7182 |  52.1 |      22 |      15 |  40.5
      Orc:1 |    1523 |       0 |   0.0 |      13 |       0 |   0.0
      Orc:2 |    8248 |    8561 |  50.9 |      51 |      25 |  32.9
      Elf:1 |   13314 |       0 |   0.0 |      22 |       0 |   0.0
      IceCv |       0 |    6498 | 100.0 |       0 |      54 | 100.0
   Gauntlet |    1084 |    4923 |  82.0 |       3 |      13 |  81.2
            +---------+---------+-------+---------+---------+-------
